 Dungeon Crawl Stone Soup version 0.22.1-1-ga44c0e5 (webtiles) character file.

5440 Fang the Cleaver (level 10, -2/97 HPs)
             Began as a Gargoyle Berserker on Oct 9, 2018.
             Was a High Priest of Trog.
             Slain by an orc warrior
             ... wielding a +0 trident
              (15 damage)
             ... on level 9 of the Dungeon.
             The game lasted 00:12:53 (7233 turns).

Fang the Cleaver (Gargoyle Berserker)               Turns: 7233, Time: 00:12:53

Health: -2/97      AC: 20    Str: 28    XL:     10   Next: 68%
Magic:  10/10      EV:  8    Int:  9    God:    Trog [*****.]
Gold:   346        SH:  0    Dex:  9    Spells: 9/9 levels left

rFire    . . .     SeeInvis .   v - +0 war axe
rCold    . . .     Gourm    .   (no shield)
rNeg     + . .     Faith    .   p - +0 plate armour
rPois    ∞         Spirit   .   (no helmet)
rElec    +         Reflect  .   (no cloak)
rCorr    .         Harm     .   (no gloves)
MR       .....                  (no boots)
Stlth    ..........             (no amulet)
HPRegen  0.26/turn              f - +3 ring of slaying
MPRegen  0.12/turn              (no ring)

@: berserking, starving, very quick
A: negative energy resistance 1, electricity resistance, unbreathing,
petrification resistance, rot immunity, AC +7
a: Berserk, Trog's Hand, Brothers in Arms, Renounce Religion


You were on level 9 of the Dungeon.
You worshipped Trog.
Trog was extremely pleased with you.
You were starving.

You visited 2 branches of the dungeon, and saw 10 of its levels.
You also visited: Sewer.

You collected 346 gold pieces.

Inventory:

Hand Weapons
 v - a +0 war axe (weapon)
Armour
 b - a +0 animal skin
 p - a +0 plate armour (worn)
Jewellery
 e - a cursed -3 ring of strength {unknown}
 f - a +3 ring of slaying (left hand)
 o - an uncursed ring of protection from cold
Wands
 h - a wand of clouds (7)
 s - a wand of iceblast (6)
Scrolls
 a - a scroll of remove curse
 i - 2 scrolls of magic mapping
 j - 2 scrolls of fog
 k - 5 scrolls of teleportation
 n - 2 scrolls of fear
 q - 3 scrolls of identify
Potions
 d - 5 potions of curing
 g - 2 potions of flight {unknown}
 l - 4 potions of might
 m - a potion of mutation
 r - 3 potions of resistance
 t - 2 potions of haste {unknown}
Comestibles
 c - 6 rations


   Skills:
 + Level 8.4 Fighting
 + Level 11.0 Axes
 + Level 7.2 Armour
 + Level 3.1 Dodging
 + Level 2.5 Stealth


You had 9 spell levels left.
You didn't know any spells.
Your spell library was empty.

Dungeon Overview and Level Annotations

Branches:
Dungeon (9/15)             Temple (1/1) D:6
   Lair: D:8-11         Orc: D:9-12

Altars:
Elyvilon
Fedhas
Nemelex Xobeh
Uskayaw
Xom
Yredelemnul


Innate Abilities, Weirdness & Mutations

You are resistant to torment.
Your stone body is resilient. (AC +7)
You are immune to poison.
You resist negative energy. (rN+)
You are resistant to electric shocks. (rElec)
You can survive without breathing.
You are immune to petrification.
You are immune to rotting.


Message History

Your Armour skill increases to level 7!
Your plate armour prevents you from hitting the ogre.
The orc warrior hits you but does no damage.
Unknown command.
You miss the water moccasin. You slash the ogre!
You kill the ogre!
Trog accepts your kill.
Your Axes skill increases to level 11!
The water moccasin barely misses you.
The orc warrior hits you from afar with a trident.
* * * LOW HITPOINT WARNING * * *
You slice the water moccasin!!
The water moccasin is severely wounded.
The water moccasin bites you.
* * * LOW HITPOINT WARNING * * *
Unknown command.
You barely miss the water moccasin.
The water moccasin is severely wounded.
The orc warrior hits you from afar with a trident!
You die...

#.........#
#.........# ##
#.........#
#.##.).......#
#.......%...#
##...†....).#
##.........#
############...)S(...#
................@....#
.....>.........)))...#
......#####...(..o...#
......# #..(.?.....#
......# #.>........#
......# #..........#
......# #..........#
......# #..........#
......# #..........#


You could see an orc warrior and a water moccasin.

Vanquished Creatures
  A two-headed ogre (D:9)
  Pikel (D:4)
  A hornet (D:7)
  A hungry ghost (D:9)
  Menkaure (D:6)
  Duvessa (D:4)
  An orc warrior (D:6)
  3 ice beasts
  5 sky beasts
  9 ogres
  A phantom (D:8)
  A centaur (D:9)
  2 big kobolds
  Blork the orc (D:4)
  3 bullfrogs
  A water moccasin zombie (D:7)
  Dowan (D:4)
  3 scorpions
  7 howler monkeys
  A crimson imp (D:8)
  2 hounds
  2 jellies
  3 orc priests
  2 orc wizards
  A bullfrog skeleton (D:8)
  4 centaur skeletons
  An iguana (D:6)
  Ijyb (D:4)
  3 worker ants
  A hound skeleton (D:4)
  15 adders
  A river rat (Sewer)
  A shadow imp (D:6)
  4 oozes (Sewer)
  An adder zombie (D:6)
  2 worms (Sewer)
  A dart slug (D:2)
  4 leopard geckos
  18 orcs
  5 bats
  2 giant cockroaches
  12 goblins
  14 hobgoblins
  6 jackals
  17 kobolds
  4 quokkas
  3 ball pythons
  5 frilled lizards
  A jackal skeleton (D:6)
  2 leopard gecko skeletons
  A quokka skeleton (D:4)
  9 rats
193 creatures vanquished.

Vanquished Creatures (others)
  A quokka (D:4)
1 creature vanquished.

Grand Total: 194 creatures vanquished

Notes
Turn   | Place    | Note
-------+----------+-------------------------------------------
     0 | D:1      | Fang the Gargoyle Berserker began the quest for the Orb.
     0 | D:1      | Reached XP level 1. HP: 14/14 MP: 1/1
   208 | D:1      | Reached XP level 2. HP: 19/19 MP: 2/2
   307 | D:1      | Reached skill level 3 in Axes
   652 | D:2      | Reached XP level 3. HP: 14/24 MP: 3/3
   665 | D:2      | Found a shimmering altar of Xom.
  1116 | D:2      | Reached ** piety under Trog
  1261 | D:2      | Reached XP level 4. HP: 23/29 MP: 4/4
  1349 | D:3      | Noticed a big kobold
  1356 | D:3      | Killed a big kobold
  1356 | D:3      | Reached XP level 5. HP: 34/34 MP: 5/5
  1422 | D:3      | Reached skill level 4 in Axes
  1589 | D:3      | Found a glowing drain.
  1600 | Sewer    | Entered a sewer
  1613 | Sewer    | Reached skill level 1 in Stealth
  1665 | Sewer    | Noticed a big kobold
  1679 | Sewer    | Killed a big kobold
  1679 | Sewer    | Reached XP level 6. HP: 34/39 MP: 6/6
  1915 | Sewer    | Reached *** piety under Trog
  2220 | D:3      | Reached skill level 5 in Fighting
  2423 | D:3      | Reached skill level 5 in Axes
  2528 | D:3      | Reached XP level 7. HP: 29/44 MP: 7/7
  2724 | D:3      | Found a shimmering altar of Xom.
  3079 | D:4      | Noticed Blork the orc
  3102 | D:4      | Killed Blork the orc
  3133 | D:4      | Noticed Dowan
  3139 | D:4      | Noticed Duvessa
  3146 | D:4      | Killed Dowan
  3154 | D:4      | Killed Duvessa
  3154 | D:4      | Reached skill level 6 in Axes
  3228 | D:4      | Reached **** piety under Trog
  3245 | D:4      | Noticed Ijyb
  3270 | D:4      | Killed Ijyb
  3270 | D:4      | Reached XP level 8. HP: 50/51 MP: 8/8
  3392 | D:4      | Noticed Pikel
  3407 | D:4      | Killed Pikel
  3407 | D:4      | Reached skill level 7 in Axes
  4002 | D:5      | Entered Level 5 of the Dungeon
  4101 | D:5      | Reached skill level 5 in Armour
  4101 | D:5      | Reached XP level 9. HP: 32/56 MP: 9/9
  4252 | D:5      | You fall through a shaft for 3 floors!
  4289 | D:8      | Reached skill level 8 in Axes
  4646 | D:8      | Received a gift from Trog
  4952 | D:7      | Noticed a hornet
  4972 | D:7      | Killed a hornet
  5177 | D:7      | Reached skill level 9 in Axes
  6287 | D:6      | Noticed Menkaure
  6290 | D:6      | Reached XP level 10. HP: 64/64 MP: 10/10
  6294 | D:6      | Killed Menkaure
  6465 | D:6      | Reached skill level 10 in Axes
  6858 | D:6      | Found a staircase to the Ecumenical Temple.
  6932 | Temple   | Entered the Ecumenical Temple
  7204 | D:9      | Reached ***** piety under Trog
  7215 | D:9      | Noticed a two-headed ogre
  7230 | D:9      | Killed a two-headed ogre
  7231 | D:9      | Reached skill level 11 in Axes
  7233 | D:9      | Slain by an orc warrior

Skill      XL: |  1  2  3  4  5  6  7  8  9 10 |
---------------+-------------------------------+-----
Axes           | 3 4 5 6 7 9 11 | 11.0
Fighting       | 4 5 6 7 8 |  8.4
Dodging        | 2 3 |  3.1
Stealth        | 1 2 |  2.5
Armour         | 3 4 5 6 7 |  7.2

Action                   |  1- 3 |  4- 6 |  7- 9 | 10-12 || total
-------------------------+-------+-------+-------+-------++-------
Melee: Hand axe          |    87 |   219 |   314 |       ||   620
       War axe           |       |       |    49 |   123 ||   172
Invok: Berserk           |       |     4 |     8 |     3 ||    15
  Use: Scroll            |       |       |    13 |     1 ||    14
  Eat: Chunk             |     1 |     8 |    14 |     1 ||    24
       Ration            |       |       |     2 |     1 ||     3
Armor: Animal skin       |    34 |    12 |       |       ||    46
       Plate armour      |       |   107 |   193 |   121 ||   421
Dodge: Dodged            |    57 |    73 |   115 |    37 ||   282
